 Dungeon Crawl Stone Soup version 0.30-a0-1085-g990a428a5c (webtiles) character file.

Game seed: 9025820361886571687

263 gravestoyou the Covered (level 5, -6/47 HPs)
             Began as a Minotaur Fighter on Apr 16, 2023.
             Was an Initiate of Fedhas.
             Killed by divine providence
             ... invoked by an orc priest
              (15 damage)
             ... on level 4 of the Dungeon.
             The game lasted 00:06:20 (2706 turns).

gravestoyou the Covered (Minotaur Fighter)          Turns: 2706, Time: 00:06:21

Health: -6/47      AC:  7    Str: 22    XL:     5   Next: 97%
Magic:  4/4        EV:  6    Int:  5    God:    Fedhas [......]
Gold:   176        SH: 12    Dex: 10    Spells: 4/4 levels left

rFire   . . .      SeeInvis .    a - +0 trident
rCold   . . .      Faith    .    p - +0 tower shield
rNeg    . . .      Spirit   .    b - +0 scale mail
rPois   .          Reflect  .    (helmet restricted)
rElec   .          Rampage  .    (no cloak)
rCorr   .                        (no gloves)
Will    .....                    (no boots) Stlth
                                 (no amulet)
HPRegen 0.27/turn                (no ring)
MPRegen 0.09/turn                (no ring)

@: no status effects
A: horns 2, retaliatory headbutt
a: Renounce Religion


You were on level 4 of the Dungeon.
You worshipped Fedhas.
Fedhas was noncommittal.
You visited 1 branch of the dungeon, and saw 4 of its levels.

You collected 176 gold pieces.

Inventory:

Hand Weapons
 a - a +0 trident (weapon)
Armour
 b - a +0 scale mail (worn)
 c - a +0 buckler
 p - a +0 tower shield (worn)
Jewellery
 g - a ring of flight
Scrolls
 d - a scroll of poison {unknown}
 f - 4 scrolls of identify {unknown}
 h - 2 scrolls of immolation {unknown}
 i - 3 scrolls of fog {unknown}
 k - a scroll of fear {unknown}
 m - a scroll of enchant weapon {unknown}
 n - a scroll of teleportation {unknown}
 o - a scroll of enchant armour {unknown}
Potions
 e - a potion of resistance {unknown}
 j - 2 potions of curing {unknown}
 l - a potion of lignification {unknown}
 q - a potion of heal wounds


   Skills:
 + Level 4.6 Fighting
 + Level 5.1 Polearms
 + Level 5.3 Armour
 + Level 0.7 Dodging
 + Level 0.4 Stealth
 + Level 4.1 Shields


You had 4 spell levels left.
You didn't know any spells.
Your spell library contained the following spells:

 Spells                   Type           Power      Damage    Failure   Level
 Apportation              Tloc           0%         N/A       100%        1
 Alistair's Intoxication  Tmut/Pois      0%         N/A       100%        5


Dungeon Overview and Level Annotations

Branches:
Dungeon (4/15)
 Temple: D:4-7

Altars:
Fedhas

Shops:
D:1 [


Innate Abilities, Weirdness & Mutations

You have a pair of horns on your head.
You reflexively headbutt those who attack you in melee.


Message History

You block the orc's attack.
A goblin comes into view. It is wielding a +0 club.
The orc barely misses you.
The goblin moves out of view.
Your Polearms skill increases to level 5!
You puncture the orc!
You kill the orc!
Fedhas appreciates your contribution to the ecosystem.
The endoplasm freezes you.
You are frozen.
You hit the orc priest but do no damage.
The orc priest barely misses you. The endoplasm freezes you.
You are frozen.
Something releases spores at the goblin.
You block the orc priest's attack. The endoplasm freezes you.
You are frozen.
You are too injured to fight recklessly!
You are too injured to fight recklessly!
You are too injured to fight recklessly!
You are too injured to fight recklessly!
You are too injured to fight recklessly!
You are too injured to fight recklessly!
You closely miss the orc priest. Your headbutt misses the orc priest.
The orc priest calls down the wrath of Beogh upon you.
Pain shoots through your body!
* * * LOW HITPOINT WARNING * * *
You block the endoplasm's attack.
You barely miss the orc priest.
The orc priest hits you but does no damage.
The endoplasm hits you.
* * * LOW HITPOINT WARNING * * *
The orc priest hits you but does no damage.
The endoplasm freezes you.
You are frozen.
* * * LOW HITPOINT WARNING * * *
The orc priest invokes the aid of Beogh against you.
Beogh smites you!
You die...
Fedhas appreciates your contribution to the ecosystem.

#.# #.#
#?# #.#
#.# #.#
#.#######
#@J......
#o#######
#g# #g#
..# #.#
#+#


You could see an orc priest, an endoplasm and 2 goblins.

Vanquished Creatures
  An orc priest (D:4)
  An orc wizard (D:3)
  Jessica (D:2)
  Natasha (thrice) (D:2)
  Terence (D:2)
  2 adders
  A worm (D:2)
  A dart slug (D:1)
  7 orcs
  4 ball pythons
  4 endoplasms
  A giant cockroach (D:2)
  4 hobgoblins
  4 quokkas
  2 bats
  2 frilled lizards
  6 goblins
  3 kobolds
  6 rats
54 creatures vanquished.

Notes
Turn   | Place    | Note
-------+----------+-------------------------------------------
     0 | D:1      | gravestoyou the Minotaur Fighter began the quest for the
                  | Orb.
     0 | D:1      | Reached XP level 1. HP: 19/19 MP: 0/0
    42 | D:1      | Reached XP level 2. HP: 27/27 MP: 1/1
    95 | D:1      | Found Fyllazxu's Armour Shoppe.
   936 | D:2      | Noticed Natasha
   948 | D:2      | Killed Natasha
   949 | D:2      | Reached XP level 3. HP: 6/33 MP: 2/2
  1183 | D:2      | Noticed Natasha
  1189 | D:2      | Killed Natasha
  1190 | D:2      | Reached XP level 4. HP: 39/40 MP: 3/3
  1194 | D:2      | Noticed Jessica
  1201 | D:2      | Killed Jessica
  1203 | D:2      | Noticed Natasha
  1207 | D:2      | Killed Natasha
  1322 | D:2      | Noticed Terence
  1337 | D:2      | Killed Terence
  1338 | D:2      | Reached XP level 5. HP: 13/47 MP: 4/4
  1569 | D:2      | Reached skill level 5 in Armour
  2006 | D:3      | Found a blossoming altar of Fedhas.
  2010 | D:3      | Became a worshipper of Fedhas Madash
  2342 | D:3      | Found a faded altar of an unknown god.
  2702 | D:4      | Reached skill level 5 in Polearms
  2706 | D:4      | Killed from afar by an orc priest

Illustrated notes

Levels and vault maps discovered:
D:1:      onia_arrival_pentagram, layout_basic, serial_shops, nicolae_shop_stone
D:2:      layout_loops_ring, uniq_natasha, uniq_terence, uniq_jessica
D:3:      layout_loops_cross, mainiacjoe_overflow_alcove_4,
          shapermc_ecumenical_altar_mp_ritualfount, nicolae_figureground_sparkle
D:4:      layout_basic, serial_shops, nicolae_shop_pleasant_corner_grove,
          gammafunk_ghost_necromancy, uniq_menkaure

Skill      XL: |  1  2  3  4  5 |
---------------+----------------+-----
Fighting       | 4 |  4.6
Armour         | 4 5 |  5.3
Polearms       | 3 4 5 |  5.1
Shields        | 4 |  4.1
Dodging        | |  0.7
Stealth        | |  0.4

Action                     |  1- 3 |  4- 6 || total
---------------------------+-------+-------++-------
  Melee: Trident           |    64 |   101 ||   165
         Headbutt          |     4 |    13 ||    17
    Use: Potion            |       |     2 ||     2
 Armour: Scale mail        |    26 |    18 ||    44
  Dodge: Dodged            |    14 |    24 ||    38
  Block: Buckler           |     8 |     7 ||    15
         Tower shield      |       |     7 ||     7

Table legend: (Time is in decaauts)
 A = Elapsed time spent in this place.
 B = Non-inter-level travel time spent in this place.
 C = Inter-level travel time spent in this place.
 D = Time resting spent in this place.
 E = Time spent auto-exploring this place.
 F = Levels seen in this place.
 G = Mean time per level.
                   A        B        C        D        E       F      G
               +--------+--------+--------+--------+--------+-----+--------+
         Total |   2755 |   2300 |    455 |      0 |   1930 |   4 |  688.8 |
       Dungeon |   2755 |   2300 |    455 |      0 |   1930 |   4 |  688.8 |
               +--------+--------+--------+--------+--------+-----+--------+

Top non-repeatable levels by time:
     D:2: 1090 daAuts
     D:1: 901 daAuts
     D:3: 750 daAuts
     D:4: 13 daAuts
